 Dungeon Crawl Stone Soup version 0.29-a0-553-g81b289dbe5 (webtiles) character file.

Game seed: 18258576569104353279

154 DocClef the Covert (level 5, -4/47 HPs)
             Began as a Gnoll Delver on June 6, 2022.
             Killed from afar by an orc wizard (7 damage)
             ... with a magic dart
             ... in the Ecumenical Temple.
             The game lasted 00:00:39 (145 turns).

DocClef the Covert (Gnoll Delver)                    Turns: 145, Time: 00:00:40

Health: -4/47      AC:  3    Str: 14    XL:     5   Next: 35%
Magic:  7/7        EV: 13    Int:  9    God:
Gold:   0          SH:  0    Dex: 13    Spells: 6/6 levels left

rFire   . . .      SeeInvis .   a - +0 short sword
rCold   . . .      Faith    .   (no shield)
rNeg    . . .      Spirit   .   b - +0 leather armour
rPois   .          Reflect  .   (no helmet)
rElec   .          Harm     .   (no cloak)
rCorr   .          Rampage  .   (no gloves)
Will    .....                   (no boots)
Stlth   ++++......              (no amulet)
HPRegen 0.15/turn               (no ring)
MPRegen 0.10/turn               (no ring)

@: no status effects
A: fangs 1, strong nose, distributed training
a: no special abilities


You were in the Ecumenical Temple.
You visited 2 branches of the dungeon, and saw 3 of its levels.

Inventory:

Hand Weapons
 a - a +0 short sword (weapon)
Armour
 b - a +0 leather armour (worn)
Wands
 g - a wand of digging (3)
Scrolls
 c - a scroll of fog
 d - a scroll of magic mapping
 h - a scroll of noise {unknown}
 i - a scroll of enchant weapon {unknown}
Potions
 f - a potion of haste


   Skills:
 + Level 6.7 Fighting
 + Level 4.8 Short Blades
 + Level 1.4 Long Blades
 + Level 1.4 Axes
 + Level 1.4 Maces & Flails
 + Level 1.4 Polearms
 + Level 1.4 Staves
 + Level 1.4 Slings
 + Level 1.4 Bows
 + Level 1.4 Crossbows
 + Level 1.4 Throwing
 + Level 1.4 Armour
 + Level 4.8 Dodging
 + Level 9.7 Stealth
 + Level 1.4 Shields
 + Level 1.4 Unarmed Combat
 + Level 1.4 Spellcasting
 + Level 1.1 Conjurations
 + Level 1.1 Hexes
 + Level 1.1 Summonings
 + Level 1.1 Necromancy
 + Level 1.1 Translocations
 + Level 1.1 Transmutations
 + Level 1.1 Fire Magic
 + Level 1.1 Ice Magic
 + Level 1.1 Air Magic
 + Level 1.1 Earth Magic
 + Level 1.1 Poison Magic
 + Level 1.6 Invocations
 + Level 1.4 Evocations


You had 6 spell levels left.
You didn't know any spells.
Your spell library was empty.

Dungeon Overview and Level Annotations

Branches:
Dungeon (5/15)             Temple (1/1) D:5

Altars:


Innate Abilities, Weirdness & Mutations

You have very sharp teeth.
Your uncanny sense of smell can sniff out nearby items.
Your experience applies equally to all skills.


Message History

Found 6 gold pieces.
The quokka bites you.
* * * LOW HITPOINT WARNING * * *
The quokka misses you.
The quokka bites you but does no damage.
The orc attacks as you move away! The orc hits you with a +0 club.
* * * LOW HITPOINT WARNING * * *
The orc attacks as you move away! The orc misses you.
The quokka barely misses you. The quokka bites you.
* * * LOW HITPOINT WARNING * * *
There is a stone staircase leading down, spattered with blood here.
The quokka bites you.
* * * LOW HITPOINT WARNING * * *
The orc closely misses you.
You climb downwards.
The orc closely misses you.
The orc wizard gestures at you while chanting.
You resist with some effort. The orc hits you but does no damage.
There is a stone staircase leading up here.
As you read the scroll of fear, it crumbles to dust.
You assume a fearsome visage.
The butterfly looks frightened!
The quokka looks frightened!
The orc looks frightened!
The orc wizard resists with some effort.
The orc looks frightened! x2
The orc wizard misses you.
The orc wizard attacks as you move away!
The orc wizard completely misses you.
Cornered, the orc turns to fight!
Cornered, the butterfly turns to fight!
There is a staircase to the Ecumenical Temple here.
The orc wizard closely misses you.
Cornered, the orc turns to fight!
You climb downwards.
Welcome to the Ecumenical Temple!
There is a staircase back to the Dungeon here.
You hit the orc wizard but do no damage.
You bite the orc wizard, but do no damage.
The orc wizard hits you with a +0 dagger.
* * * LOW HITPOINT WARNING * * *
You hit the orc wizard but do no damage.
You hit the orc wizard.
The orc wizard is lightly wounded.
The orc wizard casts a spell at you. The magic dart hits you!
You die...

#####
#+...+#
#...o.#
#..@..#
#.....#
#+...+#
#####


You could see an orc wizard.

Vanquished Creatures
  An ice beast (D:5)
  A scorpion (D:5)
  An orc (D:4)
3 creatures vanquished.

Notes
Turn   | Place    | Note
-------+----------+-------------------------------------------
     0 | D:5      | Reached skill level 9 in Stealth
     0 | D:5      | DocClef the Gnoll Delver began the quest for the Orb.
     0 | D:5      | Reached XP level 1. HP: 23/23 MP: 1/1
    30 | D:5      | Noticed an ice beast
    31 | D:5      | Noticed a scorpion
    37 | D:5      | Killed an ice beast
    38 | D:5      | Reached skill level 1 in Long Blades
    38 | D:5      | Reached skill level 1 in Axes
    38 | D:5      | Reached skill level 1 in Maces & Flails
    38 | D:5      | Reached skill level 1 in Polearms
    38 | D:5      | Reached skill level 1 in Staves
    38 | D:5      | Reached skill level 1 in Slings
    38 | D:5      | Reached skill level 1 in Bows
    38 | D:5      | Reached skill level 1 in Crossbows
    38 | D:5      | Reached skill level 1 in Throwing
    38 | D:5      | Reached skill level 1 in Armour
    38 | D:5      | Reached skill level 1 in Shields
    38 | D:5      | Reached skill level 1 in Unarmed Combat
    38 | D:5      | Reached skill level 1 in Spellcasting
    38 | D:5      | Reached skill level 1 in Conjurations
    38 | D:5      | Reached skill level 1 in Hexes
    38 | D:5      | Reached skill level 1 in Summonings
    38 | D:5      | Reached skill level 1 in Necromancy
    38 | D:5      | Reached skill level 1 in Translocations
    38 | D:5      | Reached skill level 1 in Transmutations
    38 | D:5      | Reached skill level 1 in Fire Magic
    38 | D:5      | Reached skill level 1 in Ice Magic
    38 | D:5      | Reached skill level 1 in Air Magic
    38 | D:5      | Reached skill level 1 in Earth Magic
    38 | D:5      | Reached skill level 1 in Poison Magic
    38 | D:5      | Reached skill level 1 in Invocations
    38 | D:5      | Reached skill level 1 in Evocations
    38 | D:5      | Reached XP level 2. HP: 29/29 MP: 1/3
    38 | D:5      | Reached XP level 3. HP: 35/35 MP: 1/4
    38 | D:5      | Reached XP level 4. HP: 41/41 MP: 1/5
    44 | D:5      | Killed a scorpion
    45 | D:5      | Reached XP level 5. HP: 47/47 MP: 1/7
   104 | D:5      | Found a staircase to the Ecumenical Temple.
   104 | D:5      | Noticed a phantom
   132 | D:4      | HP: 2/47 [quokka (1)]
   142 | Temple   | Entered the Ecumenical Temple
   145 | Temple   | Killed from afar by an orc wizard

Illustrated notes

Levels and vault maps discovered:
D:4:      layout_cave_pods, gammafunk_temple_overflow_claw,
          mainiacjoe_overflow_paths, serial_shops, nicolae_shop_trees
D:5:      layout_basic, minmay_temple_entry_butterflies
Temple:   nicolae_temple_figure_eight

Skill      XL: |  1 |
---------------+----+-----
Stealth        | |  9.7
Long Blades    | 1 |  1.4
Axes           | 1 |  1.4
Maces & Flails | 1 |  1.4
Polearms       | 1 |  1.4
Staves         | 1 |  1.4
Slings         | 1 |  1.4
Bows           | 1 |  1.4
Crossbows      | 1 |  1.4
Throwing       | 1 |  1.4
Armour         | 1 |  1.4
Shields        | 1 |  1.4
Unarmed Combat | 1 |  1.4
Spellcasting   | 1 |  1.4
Conjurations   | 1 |  1.1
Hexes          | 1 |  1.1
Summonings     | 1 |  1.1
Necromancy     | 1 |  1.1
Translocations | 1 |  1.1
Transmutations | 1 |  1.1
Fire Magic     | 1 |  1.1
Ice Magic      | 1 |  1.1
Air Magic      | 1 |  1.1
Earth Magic    | 1 |  1.1
Poison Magic   | 1 |  1.1
Invocations    | 1 |  1.6
Evocations     | 1 |  1.4
Fighting       | |  6.7
Short Blades   | |  4.8
Dodging        | |  4.8

Action                   |  1- 3 |  4- 6 || total
-------------------------+-------+-------++-------
Melee: Short sword       |     1 |    16 ||    17
       Bite              |       |     2 ||     2
       Punch             |       |     1 ||     1
  Use: Scroll            |       |     1 ||     1
 Stab: Sleeping          |     1 |     1 ||     2
Armor: Leather armour    |       |     4 ||     4
Dodge: Dodged            |       |    18 ||    18

Table legend: (Time is in decaauts)
 A = Elapsed time spent in this place.
 B = Non-inter-level travel time spent in this place.
 C = Inter-level travel time spent in this place.
 D = Time resting spent in this place.
 E = Time spent auto-exploring this place.
 F = Levels seen in this place.
 G = Mean time per level.
                   A        B        C        D        E       F      G
               +--------+--------+--------+--------+--------+-----+--------+
         Total |    142 |    142 |      0 |      0 |     82 |   3 |   47.3 |
       Dungeon |    140 |    140 |      0 |      0 |     82 |   2 |   70.0 |
        Temple |      2 |      2 |      0 |      0 |      0 |   1 |    2.0 |
               +--------+--------+--------+--------+--------+-----+--------+

Top non-repeatable levels by time:
     D:5: 120 daAuts
     D:4: 20 daAuts
  Temple: 2 daAuts
